[Event "Titled Tuesday Blitz May 23 Early 2023"]
[White "Narayanan, Srinath"]
[Black "Samunenkov, Ihor"]
[WhiteFideId "5018420"]
[BlackFideId "14187086"]
[WhiteElo "2438"]
[BlackElo "2457"]
[Result "0-1"]
[Round "10"]
[TimeControl "180+2"]
[Date "2023.05.23"]
[WhiteClock "0:00:00"]
[BlackClock "0:00:05"]

1. Nf3 Nf6 2. c4 e6 3. d4 d5 4. Nc3 a6 5. Bg5 dxc4 6. e4 b5 7. e5 h6 8. Bh4 g5 9. Nxg5 hxg5 10. Bxg5 Nbd7 11. exf6 Bh6 12. Qf3 Rb8 13. Bxh6 Rxh6 14. h4 Bb7 15. Qe3 Qxf6 16. h5 Nb6 17. Rh3 Rd8 18. g4 Rh8 19. O-O-O b4 20. Ne4 Bxe4 21. Qxe4 Qxf2 22. Rf3 Qh4 23. Be2 c3 24. bxc3 bxc3 25. Qc6+ Rd7 26. Rxc3 Qg5+ 27. Kc2 Nd5 28. Qa8+ Rd8 29. Qc6+ Kf8 30. Qc5+ Kg7 31. Rf3 Ne3+ 32. Rxe3 Qxe3 33. Rd2 Rd5 34. Qc3 Qxc3+ 35. Kxc3 Rhd8 36. Bxa6 c5 37. Rh2 cxd4+ 38. Kd2 Rg5 39. h6+ Kh8 40. Be2 Ra8 41. Kd3 Rxa2 42. Rf2 Kg8 43. h7+ Kxh7 44. Rxf7+ Kg6 45. Re7 e5 46. Bf3 Ra3+ 47. Ke2 Re3+ 48. Kf2 Kf6 49. Rd7 Rg7 50. Rd6+ Kg5 51. Be2 Rf7+ 52. Ke1 Ra7 53. Kf1 Ra1+ 54. Kf2 Ra2 0-1


[Site "https://www.chess.com"]

[Event "Titled Tuesday Blitz May 23 Early 2023"]
[White "Quesada Perez, Yuniesky"]
[Black "Martinez Ramirez, Lennis"]
[WhiteFideId "3504409"]
[BlackFideId "3509079"]
[WhiteElo "2585"]
[BlackElo "2410"]
[Result "1-0"]
[Round "10"]
[TimeControl "180+2"]
[Date "2023.05.23"]
[WhiteClock "0:01:03"]
[BlackClock "0:00:00"]

1. e4 c5 2. Nf3 Nc6 3. Bb5 g6 4. O-O Bg7 5. c3 Nf6 6. Re1 O-O 7. d4 Qb6 8. Bxc6 dxc6 9. h3 cxd4 10. cxd4 c5 11. d5 e6 12. d6 Bd7 13. e5 Nd5 14. Nbd2 f5 15. exf6 Nxf6 16. Nc4 Qa6 17. Nfe5 Bb5 18. Qc2 Rad8 19. Bf4 Nd5 20. Bg5 Bf6 21. Bxf6 Rxf6 22. a4 Bxc4 23. Nxc4 Rdf8 24. f3 Nb4 25. Qc3 Nd5 26. Qc2 Nb4 27. Qe2 Nd5 28. b3 1-0


[Site "https://www.chess.com"]

[Event "Titled Tuesday Blitz May 23 Early 2023"]
[White "Domingo Nunez, Ruben"]
[Black "Hansen, Eric"]
[WhiteFideId "22245570"]
[BlackFideId "2606771"]
[WhiteElo "2404"]
[BlackElo "2561"]
[Result "0-1"]
[Round "10"]
[TimeControl "180+2"]
[Date "2023.05.23"]
[WhiteClock "0:00:18"]
[BlackClock "0:01:25"]

1. c4 c6 2. b3 d5 3. Bb2 Bf5 4. Nf3 h6 5. e3 e6 6. Be2 Nf6 7. O-O Be7 8. h3 O-O 9. Nc3 a5 10. Rc1 Nbd7 11. d4 Bd6 12. Na4 Ne4 13. Bd3 Bh7 14. Ne5 Nxe5 15. dxe5 Bb4 16. c5 Qg5 17. a3 Bd2 18. Rc2 Bxe3 19. fxe3 Qxe3+ 20. Kh2 Qg3+ 21. Kh1 Qg5 22. Bxe4 Bxe4 23. Rcf2 Rad8 24. Bd4 Qg3 25. Kg1 f5 26. exf6 e5 27. f7+ Rxf7 28. Bxe5 Rxf2 29. Bxg3 Rxg2+ 30. Kh1 Rxg3+ 31. Kh2 Rg2+ 32. Kh1 Rd2+ 33. Kg1 Rg2+ 34. Kh1 Rd2+ 35. Kg1 Rxd1 36. Rxd1 Bc2 37. Rxd5 Rxd5 0-1


[Site "https://www.chess.com"]

[Event "Titled Tuesday Blitz May 23 Early 2023"]
[White "Dehtiarov, Roman"]
[Black "Timofeev, Artyom"]
[WhiteFideId "14186640"]
[BlackFideId "4140419"]
[WhiteElo "2189"]
[BlackElo "2586"]
[Result "1/2-1/2"]
[Round "10"]
[TimeControl "180+2"]
[Date "2023.05.23"]
[WhiteClock "0:00:07"]
[BlackClock "0:00:51"]

1. c4 e5 2. Nc3 Bb4 3. Nd5 Be7 4. d4 d6 5. e4 Nc6 6. dxe5 dxe5 7. Nf3 Nf6 8. Bd3 O-O 9. O-O h6 10. a3 Bc5 11. b4 Bd4 12. Nxd4 Nxd4 13. Bb2 c6 14. Nxf6+ Qxf6 15. Bxd4 exd4 16. f4 Qe7 17. Qd2 c5 18. b5 a6 19. a4 axb5 20. axb5 Rxa1 21. Rxa1 b6 22. e5 Bb7 23. Ra7 Ra8 24. Qa2 Qd8 25. Rxa8 Qxa8 26. Qxa8+ Bxa8 27. g4 Kf8 28. Kf2 Ke7 29. f5 f6 30. e6 Bb7 31. Kg3 Kf8 32. Kf4 Ke7 33. h4 Kf8 34. g5 hxg5+ 35. hxg5 Ke7 36. Kg4 g6 37. fxg6 Bc8 38. g7 Bxe6+ 39. Kf4 fxg5+ 40. Kxg5 Kf7 41. Kf4 Kf6 42. Be2 Bf7 43. Bd3 Bg8 44. Ke4 Kxg7 45. Ke5 Bh7 46. Be2 d3 47. Bf3 Bg8 48. Kd6 Bxc4 49. Kc6 Bxb5+ 50. Kxb5 Kf6 51. Kc4 Ke5 52. Kxd3 b5 53. Kc3 Kd6 54. Be2 Kc6 55. Kb3 Kb6 56. Kc3 1/2-1/2


[Site "https://www.chess.com"]

[Event "Titled Tuesday Blitz May 23 Early 2023"]
[White "Weishaeutel, Moritz"]
[Black "Fier, Alexandr"]
[WhiteFideId "12967300"]
[BlackFideId "2107139"]
[WhiteElo "2301"]
[BlackElo "2610"]
[Result "1-0"]
[Round "10"]
[TimeControl "180+2"]
[Date "2023.05.23"]
[WhiteClock "0:01:08"]
[BlackClock "0:02:25"]

1. e4 d5 2. exd5 Nf6 3. d4 c6 4. dxc6 Nxc6 5. Nf3 Bg4 6. Be2 e6 7. c3 Bd6 8. O-O Qc7 9. h3 h5 10. Nbd2 O-O-O 11. Nc4 Be7 12. hxg4 hxg4 13. Nfe5 Nd5 14. g3 f5 15. Qa4 Nxe5 16. Nxe5 Bf6 17. Ng6 Rh7 18. Qc4 Ne7 19. Qxe6+ Rd7 20. Nxe7+ Bxe7 21. Qg8+ 1-0


[Site "https://www.chess.com"]

[Event "Titled Tuesday Blitz May 23 Early 2023"]
[White "Rostovtsev, Dmitry"]
[Black "Tasev, Dejan"]
[WhiteFideId "34278320"]
[BlackFideId "936618"]
[WhiteElo "2344"]
[BlackElo "2244"]
[Result "1/2-1/2"]
[Round "10"]
[TimeControl "180+2"]
[Date "2023.05.23"]
[WhiteClock "0:00:04"]
[BlackClock "0:00:17"]

1. e4 e5 2. Nf3 Nc6 3. Bb5 a6 4. Ba4 Nf6 5. O-O b5 6. Bb3 Be7 7. d3 O-O 8. a3 Bb7 9. Nc3 d6 10. Nd5 Nxd5 11. Bxd5 Qd7 12. Be3 Nd8 13. Bxb7 Nxb7 14. a4 c5 15. Nd2 f5 16. exf5 Qxf5 17. Qf3 Qxf3 18. Nxf3 h6 19. Rfe1 Kf7 20. Nd2 Ke6 21. f4 exf4 22. Bxc5+ Kd7 23. Bd4 g5 24. Ne4 b4 25. Nd2 Na5 26. Bb6 Nc6 27. Nb3 Bf6 28. Rab1 Rae8 29. Bf2 Rxe1+ 30. Bxe1 g4 31. Bd2 Be5 32. c3 bxc3 33. bxc3 f3 34. gxf3 gxf3 35. d4 Bf4 36. Bxf4 Rxf4 37. Kf2 Ne7 38. Nd2 Nd5 39. Rb3 h5 40. Nxf3 Nf6 41. Rb7+ Kc6 42. Ra7 Kb6 43. Re7 Nd5 44. Re6 Nxc3 45. Rxd6+ Ka5 46. Rh6 Kxa4 47. Rxa6+ Kb4 48. Rh6 Kc4 49. Rxh5 Kd3 50. h3 Ne4+ 51. Kg2 Rf8 52. Rh4 Ra8 53. Rf4 Ke3 54. Rf5 Rg8+ 55. Kh2 Ra8 56. Ne5 Ra2+ 57. Kg1 Ra1+ 58. Kg2 Ra2+ 59. Kg1 Kxd4 60. Ng4 Ng3 61. Rf3 Ne4 62. h4 Ra8 63. Rf4 Rg8 64. Kh2 Ra8 65. Nf6 Ke5 66. Rxe4+ Kxf6 67. Rg4 Kf5 68. Rg2 Ra3 69. h5 Ra4 70. Kh3 Ra1 71. Kg3 Kg5 72. Rh2 Kh6 73. Kf4 Ra5 74. Kg4 Ra4+ 75. Kf3 Ra8 76. Kf4 Ra4+ 77. Ke5 Ra3 78. Kf6 Ra6+ 79. Kf7 Ra7+ 80. Ke6 Ra6+ 81. Kd5 Ra5+ 82. Kc4 Ra8 83. Kd4 Ra4+ 84. Ke5 Ra3 85. Kf4 Ra4+ 86. Kf5 Ra8 87. Rc2 Ra5+ 88. Kg4 Ra4+ 89. Kg3 Kxh5 90. Rc5+ Kg6 91. Rb5 Kf6 92. Kf3 Ke6 93. Ke3 Kd6 94. Rh5 Ke6 95. Kd3 Kf6 96. Kc3 Rg4 1/2-1/2


[Site "https://www.chess.com"]

[Event "Titled Tuesday Blitz May 23 Early 2023"]
[White "Kilic, Eray"]
[Black "Al-Tarboush, Ward"]
[WhiteFideId "44517173"]
[BlackFideId "7601450"]
[WhiteElo "2328"]
[BlackElo "2265"]
[Result "0-1"]
[Round "10"]
[TimeControl "180+2"]
[Date "2023.05.23"]
[WhiteClock "0:02:07"]
[BlackClock "0:01:55"]

1. e4 e6 2. d4 d5 3. e5 c5 4. c3 Nc6 5. Nf3 Qb6 6. Bd3 cxd4 7. cxd4 Bd7 8. O-O Nxd4 9. Nbd2 a6 10. Nxd4 Qxd4 11. Nf3 Qb6 12. a3 Rc8 13. b4 Ne7 14. Be3 Qd8 15. Nd4 Nc6 16. Nxc6 Bxc6 17. Bd4 Be7 18. f4 f5 19. exf6 Bxf6 20. Qh5+ Kf8 21. Bc5+ Be7 22. Rae1 Bxc5+ 23. bxc5 Qf6 24. Re5 g6 25. Qe2 Re8 26. g4 Kg7 27. g5 Qf7 28. Qe3 Rhf8 29. Qd4 Kg8 30. Rf3 Qg7 31. Rh3 Rf7 32. Qe3 Ref8 33. Rh4 a5 34. Rxe6 Qa1+ 35. Kf2 Qb2+ 36. Kg3 d4 37. Qe5 Qg2# 0-1


[Site "https://www.chess.com"]

[Event "Titled Tuesday Blitz May 23 Early 2023"]
[White "Kleiman, Jake"]
[Black "Djordjevic, Vuk"]
[WhiteFideId "2020041"]
[BlackFideId "902098"]
[WhiteElo "2642"]
[BlackElo "2452"]
[Result "0-1"]
[Round "10"]
[TimeControl "180+2"]
[Date "2023.05.23"]
[WhiteClock "0:00:07"]
[BlackClock "0:00:06"]

1. e4 d5 2. exd5 Qxd5 3. Nc3 Qd6 4. d4 Nf6 5. Nf3 c6 6. Ne5 Nbd7 7. f4 Nb6 8. Be3 g6 9. Qf3 Nbd5 10. Bd2 Nxc3 11. bxc3 Be6 12. Bd3 Bg7 13. O-O O-O 14. a4 c5 15. Kh1 cxd4 16. cxd4 Qxd4 17. Qxb7 Nd5 18. Qb1 Bxe5 19. fxe5 Qxe5 20. Bh6 Rfb8 21. Qc1 Nb4 22. Bf4 Qd4 23. Bxb8 Nxd3 24. cxd3 Rxb8 25. Qc7 Rb2 26. Rg1 Bd5 27. Raf1 Rb7 28. Qc8+ Kg7 29. Qc2 Rb4 30. a5 Ra4 31. Qd2 Ra2 32. Qf4 Qxf4 33. Rxf4 Rxa5 34. Rd4 e6 35. h3 Ra3 36. Kh2 Kf6 37. Rf1+ Ke5 38. Rh4 f5 39. Rxh7 Ra2 40. Rg1 a5 41. Ra7 f4 42. Rf7 g5 43. Re1+ Kd6 44. Rg1 f3 45. Kg3 fxg2 46. Rg7 Rd2 47. Rxg5 Rxd3+ 48. Kh2 a4 49. Rg3 Rd2 50. Ra1 Rd4 51. Raa3 Rb4 52. Rad3 Rb1 53. Rd2 Kc6 54. Rc2+ Kb5 55. Rd2 Rb4 56. Rf2 Rb3 57. Rg8 Kb4 58. Rb8+ Ka3 59. Rd8 Rb1 60. Ra8 Rh1+ 61. Kg3 g1=Q+ 62. Kh4 Rxh3+ 63. Kxh3 Qg6 64. Rh8 Qd3+ 65. Kh2 Qd4 66. Rh3+ Kb4 67. Kg1 Qg4+ 68. Kh2 Qg5 69. Rg3 Qe5 70. Kh3 Kb5 71. Rg4 Qh5+ 72. Kg3 Qe5+ 73. Rff4 Qe3+ 74. Kh4 e5 75. Rb4+ Kc5 76. Rxa4 Bf3 77. Rg3 Qh6# 0-1


[Site "https://www.chess.com"]

[Event "Titled Tuesday Blitz May 23 Early 2023"]
[White "brm72"]
[Black "Karthik Rajaa"]
[BlackFideId "25035215"]
[WhiteElo "2614"]
[BlackElo "2215"]
[Result "0-1"]
[Round "10"]
[TimeControl "180+2"]
[Date "2023.05.23"]
[WhiteClock "0:00:51"]
[BlackClock "0:00:59"]

1. d4 Nf6 2. c4 g6 3. Nc3 Bg7 4. e4 d6 5. Nf3 O-O 6. Be2 Nbd7 7. O-O e5 8. Be3 Qe7 9. Qc2 c6 10. h3 Re8 11. Rad1 exd4 12. Nxd4 Nxe4 13. Nxe4 Qxe4 14. Bd3 Qh4 15. Nf3 Qd8 16. Rfe1 Qc7 17. Bf4 Ne5 18. Nxe5 dxe5 19. Bh2 Be6 20. b3 Rad8 21. Qe2 f6 22. Bc2 Bf7 23. h4 Rxd1 24. Rxd1 Rd8 25. Rxd8+ Qxd8 26. f4 Qd4+ 27. Kh1 exf4 28. Qd3 Qxd3 29. Bxd3 g5 30. Kg1 Bf8 31. Kf2 Bc5+ 32. Kf3 Bh5+ 33. g4 fxg3+ 34. Kxg3 Bd6+ 35. Kg2 Bxh2 36. Kxh2 Bg6 37. Be2 h5 38. Kg3 Kf7 39. Kf3 Ke6 40. Ke3 Ke5 41. b4 g4 42. a4 f5 0-1


[Site "https://www.chess.com"]

[Event "Titled Tuesday Blitz May 23 Early 2023"]
[White "Nazari, Arad"]
[Black "Fiorito, Joaquin"]
[WhiteFideId "12577324"]
[BlackFideId "180173"]
[WhiteElo "2175"]
[BlackElo "2157"]
[Result "1-0"]
[Round "10"]
[TimeControl "180+2"]
[Date "2023.05.23"]
[WhiteClock "0:00:05"]
[BlackClock "0:00:05"]

1. e4 c6 2. Nf3 d5 3. Nc3 Bg4 4. h3 Bxf3 5. Qxf3 e6 6. Be2 Nd7 7. O-O g6 8. d4 Bg7 9. Rd1 Ne7 10. Qg3 O-O 11. Bg5 dxe4 12. Nxe4 Nf5 13. Qb3 Qb6 14. c3 h6 15. Bf4 e5 16. dxe5 Nxe5 17. Nd6 Nxd6 18. Rxd6 Rfe8 19. Bxe5 Rxe5 20. Bc4 Rf5 21. Qxb6 axb6 22. Rxg6 b5 23. Bb3 b4 24. cxb4 Kf8 25. Rg4 Bxb2 26. Rd1 h5 27. Re4 Re8 28. Rxe8+ Kxe8 29. Re1+ Kd8 30. Re4 Bc3 31. g4 hxg4 32. hxg4 Rf6 33. f4 Kc7 34. f5 Kd6 35. Kg2 Be5 36. Re2 Bc3 37. Re4 Be5 38. Re3 Bd4 39. Re8 Bc3 40. b5 cxb5 41. Kf3 b4 42. Rb8 Kc7 43. Rf8 Kd6 44. Rxf7 Rxf7 45. Bxf7 Ke7 46. Bd5 Kf6 47. Bxb7 Bd2 48. Bd5 Kg5 49. Bb3 Kf6 50. Bd1 Kg5 51. Ke4 Kf6 52. Kd5 Be1 53. Kc4 Bd2 54. Be2 Be1 55. Kd3 Kg5 56. Ke3 Kf6 57. Kf4 Bd2+ 58. Kg3 Be1+ 59. Kh3 Kg5 60. Bc4 Bd2 61. Kg2 Kf6 62. Kf1 Kg5 63. Ke2 Bc3 64. Kd3 Kf6 65. a4 Be1 66. Ke2 Bc3 67. a5 b3 68. a6 b2 69. Bd3 Bd4 70. Kf3 Kg5 71. Ke4 Ba7 72. Kd5 Kf4 73. f6 1-0


[Site "https://www.chess.com"]

[Event "Titled Tuesday Blitz May 23 Early 2023"]
[White "Weetik, Vjacheslav"]
[Black "Bagwe Gaurang"]
[WhiteFideId "4153472"]
[BlackFideId "45039895"]
[WhiteElo "2469"]
[BlackElo "1847"]
[Result "1-0"]
[Round "10"]
[TimeControl "180+2"]
[Date "2023.05.23"]
[WhiteClock "0:00:13"]
[BlackClock "0:00:00"]

1. d4 d5 2. Bf4 Nf6 3. e3 c5 4. c3 e6 5. Nd2 Bd6 6. Bxd6 Qxd6 7. Bd3 O-O 8. Rc1 Nbd7 9. f4 c4 10. Bb1 b5 11. Ngf3 b4 12. Ne5 bxc3 13. bxc3 Rb8 14. O-O g6 15. Qe1 Nh5 16. g4 Ng7 17. Qh4 Rb2 18. Ndf3 f6 19. Nxg6 Rxb1 20. Nxf8 Rxc1 21. Qxh7+ Kxf8 22. Rxc1 Kf7 23. g5 Nf8 24. Qh6 fxg5 25. Ne5+ Kg8 26. Qxg5 Nh7 27. Qg6 Qf8 28. Rb1 Nf6 29. Rb8 Nh5 30. Ng4 a5 31. a4 Kh8 32. Ne5 Kg8 33. Kf2 Kh8 34. Ke2 Kg8 35. Kd2 Kh8 36. Qh6+ Kg8 37. Ng6 Qd8 38. Qh8+ Kf7 39. Qxd8 Kxg6 40. Rxc8 Nf6 41. Rb8 Nf5 42. Rb1 Ne4+ 43. Kc2 Nxe3+ 44. Kb2 Nf2 45. Rg1+ Kf5 46. Qg5+ Ke4 47. Qe5+ Kd3 48. Rg3 Ne4 49. Rxe3+ Kxe3 50. Qxe6 Kd3 51. Qxd5 Nxc3 52. Qf3+ 1-0


[Site "https://www.chess.com"]

[Event "Titled Tuesday Blitz May 23 Early 2023"]
[White "Gorovets, Andrey"]
[Black "gueraumasague"]
[WhiteFideId "13504037"]
[WhiteElo "2459"]
[BlackElo "2562"]
[Result "1-0"]
[Round "10"]
[TimeControl "180+2"]
[Date "2023.05.23"]
[WhiteClock "0:00:35"]
[BlackClock "0:00:01"]

1. Nf3 Nf6 2. g3 g6 3. c4 Bg7 4. d4 d6 5. Bg2 Bf5 6. Nh4 Bc8 7. Nc3 Nc6 8. O-O O-O 9. Nf3 Bf5 10. d5 Na5 11. Nd4 Bd7 12. b3 c5 13. Nc2 a6 14. Rb1 b5 15. cxb5 axb5 16. b4 cxb4 17. Nxb4 Ng4 18. Bb2 Ne5 19. Ba1 Rc8 20. Rc1 Qb6 21. e3 Rc4 22. a3 Rfc8 23. Re1 h5 24. h3 R4c7 25. Qe2 Nec4 26. Qa2 Ra7 27. Rc2 Bf5 28. e4 Bd7 29. Rec1 Nb7 30. Nb1 Bxa1 31. Qxa1 Nc5 32. Qc3 Rca8 33. Ra2 Ra4 34. Kh2 Qa5 35. Nc6 Bxc6 36. dxc6 Qxc3 37. Nxc3 Rxa3 38. Rxa3 Rxa3 39. Nxb5 Ra4 40. e5 Ra5 41. exd6 exd6 42. Rxc4 Rxb5 43. c7 1-0


[Site "https://www.chess.com"]

[Event "Titled Tuesday Blitz May 23 Early 2023"]
[White "Chan, Luis"]
[Black "Ashraf, Artin"]
[WhiteFideId "3216357"]
[BlackFideId "22514805"]
[WhiteElo "2127"]
[BlackElo "2188"]
[Result "1-0"]
[Round "10"]
[TimeControl "180+2"]
[Date "2023.05.23"]
[WhiteClock "0:00:18"]
[BlackClock "0:01:04"]

1. b3 d5 2. Bb2 Nc6 3. e3 e5 4. Bb5 Ne7 5. Bxe5 a6 6. Bxc6+ Nxc6 7. Bg3 h5 8. h4 Bg4 9. f3 Bf5 10. Ne2 Qf6 11. Nbc3 O-O-O 12. d4 Qg6 13. Kf2 Bxc2 14. Qd2 Bb4 15. a3 Bxc3 16. Qxc3 Bf5 17. b4 Rhe8 18. a4 b5 19. axb5 axb5 20. Rhc1 Kb7 21. Nf4 Qh6 22. Qc5 Bd3 23. Ra7+ Nxa7 24. Qxc7+ Ka8 25. Ra1 1-0


[Site "https://www.chess.com"]

[Event "Titled Tuesday Blitz May 23 Early 2023"]
[White "koncheto"]
[Black "Stribuk, Artiom"]
[BlackFideId "13515659"]
[WhiteElo "2618"]
[BlackElo "2303"]
[Result "1-0"]
[Round "10"]
[TimeControl "180+2"]
[Date "2023.05.23"]
[WhiteClock "0:00:09"]
[BlackClock "0:00:00"]

1. e4 c5 2. Nf3 d6 3. d4 cxd4 4. Nxd4 Nf6 5. f3 e5 6. Nb3 a5 7. a4 Be7 8. c4 O-O 9. Nc3 Nc6 10. Be3 Be6 11. Be2 Nd7 12. Qd2 b6 13. Nd5 Nc5 14. Nxe7+ Qxe7 15. Qc3 f5 16. exf5 Rxf5 17. O-O Raf8 18. Bd3 Nxd3 19. Qxd3 Nb4 20. Qc3 Rc8 21. Bxb6 Nd5 22. Qxa5 Nxb6 23. Qxb6 Bxc4 24. Rfc1 d5 25. Nd2 e4 26. fxe4 Rf6 27. Qd4 Rcf8 28. Nxc4 dxc4 29. Qxc4+ Kh8 30. Rf1 Qa7+ 31. Kh1 h6 32. h3 Qe3 33. a5 Qd2 34. a6 Rf2 35. Rxf2 Rxf2 36. a7 Rxg2 37. Qc8+ Kh7 38. Qf5+ Rg6 39. Rg1 1-0


[Site "https://www.chess.com"]

[Event "Titled Tuesday Blitz May 23 Early 2023"]
[White "Sielecki, Christof"]
[Black "Ilamparthi A R"]
[WhiteFideId "4620437"]
[BlackFideId "45015775"]
[WhiteElo "2443"]
[BlackElo "2348"]
[Result "1/2-1/2"]
[Round "10"]
[TimeControl "180+2"]
[Date "2023.05.23"]
[WhiteClock "0:00:06"]
[BlackClock "0:00:15"]

1. e4 c5 2. Nf3 e6 3. c3 Nf6 4. e5 Nd5 5. g3 Nc6 6. Bg2 d6 7. exd6 Bxd6 8. O-O O-O 9. d4 Qe7 10. c4 Nb6 11. d5 Na5 12. Nc3 Naxc4 13. Re1 Qf6 14. Ne4 Qd8 15. b3 exd5 16. Nxd6 Nxd6 17. Ba3 Ne4 18. Nd2 Nxd2 19. Qxd2 Be6 20. Bxc5 Re8 21. Bd4 Rc8 22. h4 Nd7 23. Rac1 b6 24. Rxc8 Qxc8 25. Qb2 f6 26. Rxe6 Rxe6 27. Bxd5 Nf8 28. Bxe6+ Qxe6 29. Be3 Kf7 30. Qa3 Qd7 31. Qb4 Ng6 32. Qc4+ Kf8 33. Bd4 Ne7 34. a4 Nc6 35. Bc3 Ne7 36. Bb4 Ke8 37. Bxe7 Kxe7 38. Qg8 Qg4 39. Qd5 Qe6 40. Qb7+ Qd7 41. Qe4+ Kf8 42. Qc4 Qd6 43. Kg2 g6 44. b4 Qd7 45. b5 Kg7 46. Qc6 Qe7 47. g4 Kf7 48. Kg3 Qe5+ 49. Kg2 Qe6 50. Qc7+ Qe7 51. Qc4+ Qe6 52. Qc7+ Qe7 53. Qc4+ Kg7 54. Qc6 Kh6 55. Qc1+ Kg7 56. Qc6 1/2-1/2


[Site "https://www.chess.com"]

[Event "Titled Tuesday Blitz May 23 Early 2023"]
[White "Seo, Jung Min"]
[Black "Nikologorskiy, Konstantin"]
[WhiteFideId "1734687"]
[BlackFideId "24111708"]
[WhiteElo "2468"]
[BlackElo "2273"]
[Result "1-0"]
[Round "10"]
[TimeControl "180+2"]
[Date "2023.05.23"]
[WhiteClock "0:00:32"]
[BlackClock "0:00:00"]

1. Nf3 d5 2. e3 Nf6 3. c4 c6 4. d4 Bf5 5. Nc3 e6 6. Nh4 Bg4 7. Qb3 Qc8 8. h3 Bh5 9. g4 Bg6 10. Nxg6 hxg6 11. Bg2 Nbd7 12. Bd2 Bd6 13. O-O-O dxc4 14. Qxc4 c5 15. d5 Nb6 16. Qb5+ Qd7 17. Qxd7+ Kxd7 18. dxe6+ Kxe6 19. Bxb7 Rab8 20. Ba6 g5 21. f4 c4 22. fxg5 Nfd7 23. Ne4 Be5 24. Bc3 Bxc3 25. bxc3 Ne5 26. Nc5+ Ke7 27. Kc2 Rhd8 28. e4 Rxd1 29. Rxd1 Rh8 30. a4 Rxh3 31. a5 Nbd7 32. Nxd7 Nxd7 33. Bxc4 Nc5 34. Rf1 Nxe4 35. Rxf7+ Kd6 36. Bd3 Nc5 37. Bf5 Rh2+ 38. Kd1 Nb3 39. Rxa7 Ke5 40. a6 Kf4 41. Rxg7 Rd2+ 42. Ke1 Ra2 43. a7 Nd2 44. Kd1 Nb3 45. Rb7 Nc5 46. Rc7 Nb3 47. Bc2 1-0


[Site "https://www.chess.com"]

[Event "Titled Tuesday Blitz May 23 Early 2023"]
[White "Ioannidis, Evgenios"]
[Black "Omelja, Artem"]
[WhiteFideId "4229274"]
[BlackFideId "14119846"]
[WhiteElo "2386"]
[BlackElo "2404"]
[Result "1/2-1/2"]
[Round "10"]
[TimeControl "180+2"]
[Date "2023.05.23"]
[WhiteClock "0:00:21"]
[BlackClock "0:00:04"]

1. d4 Nf6 2. c4 e6 3. Nc3 d5 4. cxd5 exd5 5. Bg5 Nbd7 6. e3 c6 7. Bd3 h6 8. Bh4 Be7 9. Nf3 O-O 10. O-O Re8 11. h3 Ne4 12. Bxe7 Qxe7 13. Qc2 a5 14. Rac1 Nf8 15. Bxe4 dxe4 16. Nd2 Bf5 17. f3 Qg5 18. Ndxe4 Qxe3+ 19. Qf2 Qxf2+ 20. Kxf2 Rad8 21. Rfe1 Ne6 22. Rcd1 Bxe4 23. Rxe4 Kf8 24. h4 Nc7 25. h5 Nd5 26. Rxe8+ Kxe8 27. Ne4 Kd7 28. g4 b6 29. Kg3 Re8 30. a3 Nf6 31. Nxf6+ gxf6 32. d5 Re2 33. b4 axb4 34. axb4 c5 35. bxc5 bxc5 36. Kf4 Re5 37. d6 c4 38. Rc1 Rc5 39. Ke4 Kxd6 40. Kd4 c3 41. Rc2 Rc7 42. f4 Ke6 43. Rxc3 Rxc3 44. Kxc3 Kd5 45. Kd3 Kd6 46. Kd4 Ke6 47. Kc5 f5 48. g5 hxg5 49. fxg5 f4 50. Kd4 Kf5 51. h6 Kg6 52. Ke4 f6 53. gxf6 Kxf6 54. Kxf4 Kg6 55. h7 Kxh7 1/2-1/2


[Site "https://www.chess.com"]

[Event "Titled Tuesday Blitz May 23 Early 2023"]
[White "Danielyan, Vahe"]
[Black "Starozhilov, Leonid"]
[WhiteFideId "13304828"]
[BlackFideId "14106752"]
[WhiteElo "2423"]
[BlackElo "2352"]
[Result "0-1"]
[Round "10"]
[TimeControl "180+2"]
[Date "2023.05.23"]
[WhiteClock "0:00:00"]
[BlackClock "0:00:08"]

1. d4 Nf6 2. c4 g6 3. Nc3 Bg7 4. e4 d6 5. Be2 O-O 6. Be3 Nc6 7. d5 Ne5 8. h3 c6 9. f4 Ned7 10. Nf3 cxd5 11. cxd5 Nc5 12. Bxc5 dxc5 13. e5 Nh5 14. Qd2 Ng3 15. O-O-O Nxh1 16. Rxh1 a6 17. g4 b5 18. f5 Bb7 19. Rd1 c4 20. Ne4 Rc8 21. g5 gxf5 22. Ng3 e6 23. Qf4 c3 24. b4 c2 25. Rd4 Qc7 26. Bc4 Qxc4 27. Rxc4 Rxc4 28. Qd2 Bxd5 29. Nxf5 Bxf3 30. Nh6+ Kh8 31. Qf2 Bxe5 32. Qe3 Bb2+ 33. Kxb2 c1=Q+ 34. Qxc1 Rxc1 35. Kxc1 Bh5 36. a4 Kg7 37. a5 Kg6 38. h4 f6 39. Ng4 Bxg4 0-1


[Site "https://www.chess.com"]

[Event "Titled Tuesday Blitz May 23 Early 2023"]
[White "Shevtchenko, Olesya"]
[Black "Radzhabov, Rodion"]
[WhiteFideId "24131890"]
[BlackFideId "884715"]
[WhiteElo "2003"]
[BlackElo "2215"]
[Result "1-0"]
[Round "10"]
[TimeControl "180+2"]
[Date "2023.05.23"]
[WhiteClock "0:00:44"]
[BlackClock "0:00:06"]

1. e4 c5 2. Nf3 e6 3. d4 cxd4 4. Nxd4 Nc6 5. Nc3 Qc7 6. Qd3 Nf6 7. Nxc6 bxc6 8. Qg3 Qxg3 9. hxg3 d5 10. Bd3 Rb8 11. f3 Bd6 12. g4 Ke7 13. g5 Nd7 14. Na4 Ne5 15. Be3 Rb4 16. b3 d4 17. Bd2 Rb8 18. Be2 Ng6 19. Kf2 Bf4 20. Bxf4 Nxf4 21. Bc4 e5 22. g3 Ne6 23. Bxe6 Bxe6 24. Rh2 h5 25. gxh6 Rxh6 26. Rxh6 gxh6 27. Rh1 Rh8 28. g4 f6 29. Nb2 Kd6 30. Nd3 c5 31. Kg3 a5 32. f4 c4 33. bxc4 Bxc4 34. a3 Bxd3 35. cxd3 Ke7 36. Rh5 Rb8 37. fxe5 Rb3 38. exf6+ Kxf6 39. Rxa5 Rxd3+ 40. Kf4 Rd1 41. Ra6+ Kg7 42. e5 d3 43. Ke3 Re1+ 44. Kxd3 Rxe5 45. Ra4 Kf7 46. Re4 Rd5+ 47. Kc4 Rg5 48. a4 Kf6 49. Kb4 h5 50. gxh5 Rxh5 51. a5 Rh1 52. Kb5 Rb1+ 53. Ka6 Kf5 54. Re8 Kf6 55. Ka7 Kf7 56. Re2 Kf6 57. a6 Rb2 58. Rxb2 1-0


[Site "https://www.chess.com"]

[Event "Titled Tuesday Blitz May 23 Early 2023"]
[White "Prohaszka, Peter"]
[Black "Melian, Juan Sebastian"]
[WhiteFideId "726265"]
[BlackFideId "3706575"]
[WhiteElo "2626"]
[BlackElo "2092"]
[Result "1-0"]
[Round "10"]
[TimeControl "180+2"]
[Date "2023.05.23"]
[WhiteClock "0:01:31"]
[BlackClock "0:00:01"]

1. d4 Nf6 2. c3 e6 3. Nf3 d5 4. Bg5 c5 5. e3 Be7 6. Nbd2 Nbd7 7. Bd3 b6 8. Ne5 Bb7 9. f4 a6 10. Qf3 Qc7 11. O-O g6 12. a4 c4 13. Bc2 b5 14. axb5 axb5 15. Rxa8+ Bxa8 16. Ra1 O-O 17. Qh3 Nxe5 18. fxe5 Ne4 19. Nxe4 dxe4 20. Bf6 Bxf6 21. exf6 h5 22. Qh4 Kh7 23. Qg5 Bd5 24. g4 Rg8 25. Kg2 Qd6 26. Ra7 Qf8 27. h4 Qh6 28. Rxf7+ 1-0


[Site "https://www.chess.com"]

[Event "Titled Tuesday Blitz May 23 Early 2023"]
[White "Shuvalov, Evgenij"]
[Black "MKlose11"]
[WhiteFideId "4187237"]
[WhiteElo "2080"]
[BlackElo "2681"]
[Result "1/2-1/2"]
[Round "10"]
[TimeControl "180+2"]
[Date "2023.05.23"]
[WhiteClock "0:01:13"]
[BlackClock "0:02:17"]

1. d4 Nf6 2. c4 c5 3. Nf3 cxd4 4. Nxd4 Nc6 5. Nc3 d6 6. e4 g6 7. Be2 Bg7 8. Be3 O-O 9. O-O Bd7 10. f3 Nxd4 11. Bxd4 Bc6 12. Qd2 Nd7 13. Be3 a5 14. Rfc1 a4 15. Rab1 Qa5 16. b4 axb3 17. axb3 Qb4 18. Nd5 Qxd2 19. Nxe7+ Kh8 20. Bxd2 Bd4+ 21. Kf1 Rfe8 22. Nd5 Bxd5 23. cxd5 Ra2 24. Bc3 Bxc3 25. Rxc3 f5 26. Bb5 Rd8 27. Bxd7 Rxd7 28. exf5 gxf5 29. Re1 Kg7 30. Re2 Ra1+ 31. Re1 Ra2 32. Re2 Ra1+ 33. Re1 Ra2 1/2-1/2


[Site "https://www.chess.com"]

[Event "Titled Tuesday Blitz May 23 Early 2023"]
[White "Fantinel, Thibault"]
[Black "Camilla_Lee"]
[WhiteFideId "663395"]
[WhiteElo "2316"]
[BlackElo "2678"]
[Result "1-0"]
[Round "10"]
[TimeControl "180+2"]
[Date "2023.05.23"]
[WhiteClock "0:01:19"]
[BlackClock "0:00:04"]

1. c4 b6 2. Nc3 e6 3. e4 Bb7 4. Nge2 d5 5. cxd5 exd5 6. exd5 Nf6 7. Nf4 Bd6 8. Bb5+ Nbd7 9. d4 Qe7+ 10. Be2 g5 11. Nd3 Nxd5 12. Nxd5 Bxd5 13. O-O O-O-O 14. Bf3 Nf6 15. Bxg5 Rhg8 16. Bxf6 Qxf6 17. Bxd5 Bxh2+ 18. Kxh2 Rxd5 19. Ne5 Qh4+ 20. Kg1 Rxd4 21. Qf3 Re4 22. Rae1 Rxg2+ 23. Kxg2 Qg5+ 24. Qg3 1-0


[Site "https://www.chess.com"]